Sharks vs Blues

Created - December 10, 2020 at 20:18

Goals
1 2 3 T
Sharks 1 0 0 1
Blues 1 2 1 4
Shots
1 2 3 T
Sharks 12 9 5 26
Blues 16 6 10 32

1st period

1. Sharks , Nick Palmieri 8 (Jason Spezza 15, Drew Doughty 14) at 7:56
2. Blues , Ryan O'Reilly 9 (Drew Shore 4, Fabian Brunnstrom 5) at 16:26

Penalties :
Alex Pietrangelo (STL) for Interference (Minor) at 1:43, Oskar Osala (SJS) for Elbowing (Minor) at 16:37

2nd period

3. Blues , Alex Pietrangelo 6 (Jordan Eberle 7, Nicklas Backstrom 25) at 0:32 (PP)
4. Blues , Filip Forsberg 4 (Ryan O'Reilly 10) at 17:40

Penalties :
Oskar Osala (SJS) for Tripping (Minor) at 0:11, Filip Forsberg (STL) for Diving (Minor) at 4:49, Nick Palmieri (SJS) for Hooking (Minor) at 11:27, Shayne Gostisbehere (STL) for Hooking (Minor) at 19:19

3rd period

5. Blues , Ryan O'Reilly 10 (Sergei Shirokov 5, Jake Gardiner 8) at 8:56

Penalties :
Brandon Dubinsky (SJS) for High sticking (Minor) at 2:00, Luke Adam (SJS) for Hooking (Minor) at 11:58, Oskar Osala (SJS) for Hooking (Minor) at 19:49

Goalie Stats

Ryan Miller (SJS), 28 saves from 32 shots - (0.875), L, 10-4-5, 60:00 minutes
Carey Price (STL), 25 saves from 26 shots - (0.962), W, 10-4-4, 60:00 minutes

Players Stats for Sharks

Player Name              G  A  P  +/- PIM S  H  SB GA TA FO     MP     PP MP  PK MP  
------------------------------------------------------------------------------------
Andrej Sekera            0  0  0  -1  0   1  3  1  0  1  0/0    17:26   0:00   3:06 
Bobby Butler             0  0  0   0  0   1  0  1  0  0  0/1    10:00   0:00   0:00 
Boone Jenner             0  0  0  -1  0   1  1  0  0  0  3/6     9:10   0:00   1:05 
Brandon Dubinsky         0  0  0   0  2   0  2  0  0  0  1/1    17:55   2:19   2:30 
Brayden McNabb           0  0  0   0  0   1  1  0  0  0  0/0    11:24   0:00   0:00 
Drew Doughty             0  1  1  -1  0   3  1  2  1  1  0/0    28:04   3:49   5:21 
Jason Spezza             0  1  1  -1  0   3  3  0  0  0  24/39  22:49   3:38   4:33 
Jiri Tlusty              0  0  0  -1  0   1  1  0  0  0  0/0     7:51   0:00   0:00 
Joni Pitkanen            0  0  0   0  0   2  3  0  0  0  0/0    14:30   2:08   0:00 
Luke Adam                0  0  0   0  2   0  2  0  0  0  0/0    10:01   0:00   0:00 
Mike Cammalleri          0  0  0  -1  0   1  1  0  0  1  2/2    20:34   3:38   2:20 
Milan Michalek           0  0  0   0  0   0  0  0  1  0  0/0    10:29   0:00   0:19 
Nick Palmieri            1  0  1  -1  2   5  0  1  0  0  1/1    21:55   3:38   3:40 
Oskar Osala              0  0  0   0  6   2  1  0  0  0  0/1    15:13   2:19   0:00 
PK Subban                0  0  0  -1  0   1  4  2  0  0  0/0    23:43   3:49   5:21 
T.J. Hensick             0  0  0   0  0   1  3  0  1  0  3/10   15:10   2:19   0:00 
Tyler Cuma               0  0  0  -1  0   1  1  0  0  0  0/0    24:53   2:08   3:06 
Zach Boychuk             0  0  0  -1  0   2  1  0  0  0  0/0    10:20   0:00   2:27 

Players Stats for Blues

Player Name              G  A  P  +/- PIM S  H  SB GA TA FO     MP     PP MP  PK MP  
------------------------------------------------------------------------------------
Alex Pietrangelo         1  0  1   1  2   3  2  0  0  1  0/0    22:55   5:38   0:00 
Anthony Mantha           0  0  0   1  0   0  5  1  0  0  0/0    10:53   0:06   0:00 
Cody Ceci                0  0  0   0  0   0  0  0  0  0  0/0     0:51   0:00   0:28 
David Perron             0  0  0  -1  0   2  2  0  0  0  0/1    19:14   3:38   1:25 
Drew Shore               0  1  1   1  0   3  3  1  0  1  4/11   14:58   0:00   3:42 
Fabian Brunnstrom        0  1  1   1  0   5  0  0  0  0  0/1    11:43   0:00   0:43 
Filip Forsberg           1  0  1   2  2   2  0  1  0  0  0/0    16:44   4:43   0:00 
Gustav Nyquist           0  0  0   0  0   0  2  0  0  0  0/0     8:48   0:06   0:00 
Jake Gardiner            0  1  1   0  0   2  4  0  1  1  0/0    25:24   5:01   3:14 
Jimmy Vesey              0  0  0   0  0   0  2  0  0  0  1/1     8:41   0:00   0:00 
Jordan Eberle            0  1  1  -1  0   3  1  1  1  0  3/3    22:39   4:43   3:49 
Nicklas Backstrom        0  1  1  -1  0   3  1  0  0  0  11/29  18:54   4:49   0:15 
Ryan Murray              0  0  0   0  0   0  2  0  0  0  0/0    25:14   3:26   1:55 
Ryan O'Reilly            2  1  3   3  0   3  3  0  1  0  6/11   19:24   3:38   2:00 
Sergei Shirokov          0  1  1   2  0   0  3  0  0  0  0/0    15:29   3:38   0:00 
Shayne Gostisbehere      0  0  0   0  2   1  3  0  0  0  0/0    24:28   2:49   2:15 
Vincent Lecavalier       0  0  0   0  0   3  2  0  0  0  2/4     8:41   0:00   0:00 
Yann Sauvé               0  0  0   2  0   2  3  3  0  0  0/0    19:00   0:00   4:02 

3 Stars

1 - Ryan O'Reilly (STL)
2 - Carey Price (STL)
3 - Sergei Shirokov (STL)

Power Play

Sharks - 0 on 3 Attempt(s) - 0.00%
Blues - 1 on 6 Attempt(s) - 16.67%

Penalty Kill

Sharks - 5 on 6 Attempt(s) - 83.33% - Score 0 goal in Penalty Kill
Blues - 3 on 3 Attempt(s) - 100.00% - Score 0 goal in Penalty Kill

Team Stat

Sharks - Hits : 28 - Faceoff Wins : 34 - Blocked Shots : 7 - Penalty Minutes : 12
Blues - Hits : 38 - Faceoff Wins : 27 - Blocked Shots : 7 - Penalty Minutes : 6

Official

Referees : Unknown
Linesman : Unknown

Game Notes

Cody Ceci is injured at 2:11 of 1st period (Back)

Finance

Level 1 -- Attendance: 4503 (75.05%) -- Ticket Income $495,330
Level 2 -- Attendance: 3567 (71.34%) -- Ticket Income $256,824
Level 3 -- Attendance: 1469 (73.45%) -- Ticket Income $66,105
Level 4 -- Attendance: 3419 (85.48%) -- Ticket Income $102,570
Luxury Box -- Attendance: 753 (75.30%) -- Ticket Income $150,600
Game was played at the Scotttrade center.
Total Attendance: 13711 (76.17%)
Total Ticket Income: $1,071,429
Other Income: $160,714
Total Income: $1,232,143

Sharks

5 vs 5 Forward 
   Center                   Left Wing                Right Wing               Time % Phy DF OF 
 1 Jason Spezza             Mike Cammalleri          Nick Palmieri            40     1   2  2  
 2 T.J. Hensick             Brandon Dubinsky         Oskar Osala              30     1   2  2  
 3 Luke Adam                Milan Michalek           Bobby Butler             20     1   2  2  
 4 Boone Jenner             Zach Boychuk             Jiri Tlusty              10     1   2  2  

5 vs 5 Defense 
   Defense                  Defense                                           Time % Phy DF OF 
 1 Drew Doughty             Tyler Cuma                                        40     1   1  3  
 2 Andrej Sekera            PK Subban                                         30     1   2  2  
 3 Joni Pitkanen            Brayden McNabb                                    20     1   2  2  
 4 Drew Doughty             PK Subban                                         10     1   2  2  

PowerPlay Forward 
   Center                   Left Wing                Right Wing               Time % Phy DF OF 
 1 Jason Spezza             Mike Cammalleri          Nick Palmieri            60     1   1  3  
 2 T.J. Hensick             Brandon Dubinsky         Oskar Osala              40     1   1  3  

PowerPlay Defense
   Defense                  Defense                                           Time % Phy DF OF 
 1 Drew Doughty             PK Subban                                         60     0   2  3  
 2 Joni Pitkanen            Tyler Cuma                                        40     0   2  3  

Penalty Kill 4 Players Forward 
   Center                   Wing                     Time % Phy DF OF 
 1 Jason Spezza             Nick Palmieri            60     1   4  0  
 2 Mike Cammalleri          Brandon Dubinsky         40     1   4  0  

Penalty Kill 4 Players Defense
   Defense                  Defense                  Time % Phy DF OF 
 1 Drew Doughty             PK Subban                60     1   4  0  
 2 Andrej Sekera            Tyler Cuma               40     1   4  0  

Penalty Kill - 3 Players Forward 
   Forward                                           Time % Phy DF OF 
 1 Jason Spezza                                      60     1   4  0  
 2 Nick Palmieri                                     40     1   4  0  

Penalty Kill - 3 Players Defense
   Defense                  Defense                  Time % Phy DF OF 
 1 Drew Doughty             Andrej Sekera            60     1   4  0  
 2 Andrej Sekera            Joni Pitkanen            40     1   4  0  

4 vs 4 Forward 
   Center                   Wing                     Time % Phy DF OF 
 1 Jason Spezza             Nick Palmieri            60     1   2  2  
 2 Mike Cammalleri          Brandon Dubinsky         40     1   2  2  

4 vs 4 Defense
   Defense                  Defense                  Time % Phy DF OF 
 1 Drew Doughty             Tyler Cuma               60     1   2  2  
 2 Joni Pitkanen            PK Subban                40     1   2  2  

Last Minutes Offensive
   Center                   Left Wing                Right Wing               Defense                  Defense                  
   Jason Spezza             Mike Cammalleri          Nick Palmieri            Drew Doughty             PK Subban                

Last Minutes Defensive
   Center                   Left Wing                Right Wing               Defense                  Defense                  
   Jason Spezza             Milan Michalek           Nick Palmieri            Drew Doughty             Andrej Sekera            

Goaltenders
Starting : Ryan Miller              
Backup : Tyler Weiman             

Extra Forwards
Normal : Milan Michalek, Boone Jenner, Zach Boychuk - PP : Milan Michalek, Boone Jenner - PK : Zach Boychuk
Extra Defensemen
Normal : Andrej Sekera, Tyler Cuma, Brayden McNabb - PP : Tyler Cuma - PK : Brayden McNabb, Tyler Cuma
Penalty Shots
Jason Spezza, Nick Palmieri, Mike Cammalleri, Brandon Dubinsky, Milan Michalek

Scratches
David Rundblad (Healthy), Luca Sbisa (Healthy)

Blues

5 vs 5 Forward 
   Center                   Left Wing                Right Wing               Time % Phy DF OF 
 1 Nicklas Backstrom        David Perron             Jordan Eberle            40     1   2  2  
 2 Ryan O'Reilly            Filip Forsberg           Sergei Shirokov          30     1   2  2  
 3 Drew Shore               Fabian Brunnstrom        Anthony Mantha           20     1   2  2  
 4 Vincent Lecavalier       Jimmy Vesey              Gustav Nyquist           10     1   2  2  

5 vs 5 Defense 
   Defense                  Defense                                           Time % Phy DF OF 
 1 Alex Pietrangelo         Ryan Murray                                       40     1   2  2  
 2 Cody Ceci                Jake Gardiner                                     30     1   2  2  
 3 Yann Sauvé               Shayne Gostisbehere                               20     1   2  2  
 4 Alex Pietrangelo         Jake Gardiner                                     10     1   2  2  

PowerPlay Forward 
   Center                   Left Wing                Right Wing               Time % Phy DF OF 
 1 Nicklas Backstrom        Filip Forsberg           Jordan Eberle            60     1   1  3  
 2 Ryan O'Reilly            David Perron             Sergei Shirokov          40     1   1  3  

PowerPlay Defense
   Defense                  Defense                                           Time % Phy DF OF 
 1 Alex Pietrangelo         Jake Gardiner                                     60     1   2  2  
 2 Shayne Gostisbehere      Ryan Murray                                       40     1   2  2  

Penalty Kill 4 Players Forward 
   Center                   Wing                     Time % Phy DF OF 
 1 Drew Shore               Jordan Eberle            60     1   3  1  
 2 Ryan O'Reilly            David Perron             40     1   3  1  

Penalty Kill 4 Players Defense
   Defense                  Defense                  Time % Phy DF OF 
 1 Yann Sauvé               Cody Ceci                60     2   3  0  
 2 Ryan Murray              Jake Gardiner            40     2   3  0  

Penalty Kill - 3 Players Forward 
   Forward                                           Time % Phy DF OF 
 1 Nicklas Backstrom                                 60     1   2  2  
 2 Jordan Eberle                                     40     1   2  2  

Penalty Kill - 3 Players Defense
   Defense                  Defense                  Time % Phy DF OF 
 1 Alex Pietrangelo         Cody Ceci                60     1   2  2  
 2 Ryan Murray              Yann Sauvé               40     1   2  2  

4 vs 4 Forward 
   Center                   Wing                     Time % Phy DF OF 
 1 Nicklas Backstrom        Jordan Eberle            60     1   2  2  
 2 Ryan O'Reilly            David Perron             40     1   2  2  

4 vs 4 Defense
   Defense                  Defense                  Time % Phy DF OF 
 1 Alex Pietrangelo         Cody Ceci                60     1   2  2  
 2 Jake Gardiner            Yann Sauvé               40     1   2  2  

Last Minutes Offensive
   Center                   Left Wing                Right Wing               Defense                  Defense                  
   Nicklas Backstrom        David Perron             Jordan Eberle            Alex Pietrangelo         Jake Gardiner            

Last Minutes Defensive
   Center                   Left Wing                Right Wing               Defense                  Defense                  
   Drew Shore               David Perron             Jordan Eberle            Yann Sauvé               Cody Ceci                

Goaltenders
Starting : Carey Price              
Backup : Pascal Leclaire          

Extra Forwards
Normal : Sergei Shirokov, Vincent Lecavalier, Ryan O'Reilly - PP : Gustav Nyquist, Nicklas Backstrom - PK : Filip Forsberg
Extra Defensemen
Normal : Shayne Gostisbehere, Cody Ceci, Jake Gardiner - PP : Shayne Gostisbehere - PK : Shayne Gostisbehere, Jake Gardiner
Penalty Shots
David Perron, Jordan Eberle, Filip Forsberg, Vincent Lecavalier, Nicklas Backstrom

Scratches
Simon Gagné (Healthy)

% Time on Ice - Sharks

Lines # - Real PCT - Wanted PCT - Time Play
Normal Forward
1 - 33% - 40% - 14:54
2 - 28% - 30% - 12:51
3 - 22% - 20% - 10:00
4 - 17% - 10% - 7:51
Normal Defense
1 - 38% - 40% - 17:25
2 - 33% - 30% - 14:51
3 - 25% - 20% - 11:24
4 - 4% - 10% - 1:56
PP Forward
1 - 61% - 60% - 3:38
2 - 39% - 40% - 2:19
PP Defense
1 - 64% - 60% - 3:49
2 - 36% - 40% - 2:08
PK Forward
1 - 80% - 60% - 6:48
2 - 20% - 40% - 1:39
PK Defense
1 - 63% - 60% - 5:21
2 - 37% - 40% - 3:06
PK3 Forward
1 - 0% - 60%
2 - 0% - 40%
PK3 Defense
1 - 0% - 60%
2 - 0% - 40%
44 Forward
1 - 0% - 60%
2 - 0% - 40%
44 Defense
1 - 0% - 60%
2 - 0% - 40%
Last Minute Offensive  - 0:00
Last Minute Defensive  - 0:00
Total
Forward - 60:00
Defense - 60:00

% Time on Ice - Blues

Lines # - Real PCT - Wanted PCT - Time Play
Normal Forward
1 - 31% - 40% - 14:08
2 - 26% - 30% - 12:01
3 - 24% - 20% - 10:46
4 - 19% - 10% - 8:41
Normal Defense
1 - 31% - 40% - 14:03
2 - 44% - 30% - 19:59
3 - 22% - 20% - 10:15
4 - 3% - 10% - 1:19
PP Forward
1 - 57% - 60% - 4:49
2 - 43% - 40% - 3:38
PP Defense
1 - 67% - 60% - 5:38
2 - 33% - 40% - 2:49
PK Forward
1 - 77% - 60% - 4:35
2 - 23% - 40% - 1:22
PK Defense
1 - 68% - 60% - 4:02
2 - 32% - 40% - 1:55
PK3 Forward
1 - 0% - 60%
2 - 0% - 40%
PK3 Defense
1 - 0% - 60%
2 - 0% - 40%
44 Forward
1 - 0% - 60%
2 - 0% - 40%
44 Defense
1 - 0% - 60%
2 - 0% - 40%
Last Minute Offensive  - 0:00
Last Minute Defensive  - 0:00
Total
Forward - 60:00
Defense - 60:00

Play-by-Play

1st period


0:01 of 1st period - Nicklas Backstrom wins face-off versus Jason Spezza in neutral zone.
0:26 of 1st period - Filip Forsberg is hit by Luke Adam.
0:48 of 1st period - Wrist shot by Filip Forsberg.
0:48 of 1st period - Shot Misses the Net.
0:50 of 1st period - Wrist shot by Cody Ceci.
0:50 of 1st period - Shot Blocked by Andrej Sekera.
0:52 of 1st period - Snap shot by Drew Shore.
0:52 of 1st period - Stopped by Ryan Miller without a rebound.
0:53 of 1st period - Boone Jenner wins face-off versus Drew Shore in Sharks zone.
1:06 of 1st period - Slapshot by Joni Pitkanen.
1:06 of 1st period - Deflect By Yann Sauvé.
1:06 of 1st period - Stopped by Carey Price without a rebound.
1:07 of 1st period - Vincent Lecavalier wins face-off versus Jason Spezza in Blues zone.
1:29 of 1st period - Icing by PK Subban.
1:30 of 1st period - Nick Palmieri wins face-off versus David Perron in Sharks zone.
1:30 of 1st period - Nick Palmieri is hit by Alex Pietrangelo.
1:43 of 1st period - Minor Penalty to Alex Pietrangelo for Interference.
1:44 of 1st period - Jason Spezza wins face-off versus Drew Shore in Blues zone.
1:46 of 1st period - Snap shot by Nick Palmieri.
1:46 of 1st period - Shot Blocked by Drew Shore.
2:10 of 1st period - Cody Ceci is hit by Brandon Dubinsky and loses puck.
2:11 of 1st period - Cody Ceci from Blues is injured at 2:11 of 1st period (Back).
2:12 of 1st period - Jason Spezza wins face-off versus Drew Shore in Blues zone.
3:01 of 1st period - Snap shot by Yann Sauvé.
3:01 of 1st period - Stopped by Ryan Miller without a rebound.
3:02 of 1st period - T.J. Hensick wins face-off versus Ryan O'Reilly in Sharks zone.
3:07 of 1st period - Wrist shot by T.J. Hensick.
3:07 of 1st period - Deflect By Brandon Dubinsky.
3:07 of 1st period - Shot Misses the Net.
3:07 of 1st period - Puck is out of play.
3:08 of 1st period - Drew Shore wins face-off versus T.J. Hensick in Blues zone.
3:19 of 1st period - Tyler Cuma is hit by Yann Sauvé and loses puck.
3:43 of 1st period - Penalty to Alex Pietrangelo is over, Alex Pietrangelo is back on ice.
3:44 of 1st period - Snap shot by Nick Palmieri.
3:44 of 1st period - Shot Misses the Net.
3:46 of 1st period - Slapshot by Tyler Cuma.
3:46 of 1st period - Shot Misses the Net.
3:56 of 1st period - Wrist shot by David Perron.
3:56 of 1st period - Stopped by Ryan Miller with a rebound.
4:24 of 1st period - Slapshot by Jake Gardiner.
4:24 of 1st period - Stopped by Ryan Miller without a rebound.
4:25 of 1st period - Jason Spezza wins face-off versus Nicklas Backstrom in Sharks zone.
5:38 of 1st period - Snap shot by Jiri Tlusty.
5:38 of 1st period - Stopped by Carey Price without a rebound.
5:39 of 1st period - Mike Cammalleri wins face-off versus Nicklas Backstrom in Blues zone.
5:44 of 1st period - Wrist shot by Jason Spezza.
5:44 of 1st period - Stopped by Carey Price without a rebound.
5:45 of 1st period - Jason Spezza wins face-off versus Nicklas Backstrom in Blues zone.
5:48 of 1st period - Snap shot by Nick Palmieri.
5:48 of 1st period - Deflect By Jason Spezza.
5:48 of 1st period - Deflect By Shayne Gostisbehere.
5:48 of 1st period - Shot Misses the Net.
5:48 of 1st period - Puck is out of play.
5:49 of 1st period - Jason Spezza wins face-off versus Nicklas Backstrom in Blues zone.
6:13 of 1st period - Snap shot by Nick Palmieri.
6:13 of 1st period - Shot Misses the Net.
6:25 of 1st period - Wrist shot by Nicklas Backstrom.
6:25 of 1st period - Stopped by Ryan Miller with a rebound.
6:27 of 1st period - Snap shot by Jordan Eberle.
6:27 of 1st period - Deflect By Drew Doughty.
6:27 of 1st period - Shot Misses the Net.
6:27 of 1st period - Puck is out of play.
6:28 of 1st period - Ryan O'Reilly wins face-off versus T.J. Hensick in Sharks zone.
6:55 of 1st period - Ryan Murray is hit by PK Subban and loses puck.
7:04 of 1st period - Wrist shot by Luke Adam.
7:04 of 1st period - Shot Misses the Net.
7:06 of 1st period - Slapshot by Joni Pitkanen.
7:06 of 1st period - Deflect By Alex Pietrangelo.
7:06 of 1st period - Stopped by Carey Price with a rebound.
7:08 of 1st period - Snap shot by Bobby Butler.
7:08 of 1st period - Stopped by Carey Price without a rebound.
7:09 of 1st period - Nicklas Backstrom wins face-off versus Jason Spezza in Blues zone.
7:18 of 1st period - Snap shot by David Perron.
7:18 of 1st period - Stopped by Ryan Miller without a rebound.
7:19 of 1st period - Jason Spezza wins face-off versus Nicklas Backstrom in Sharks zone.
7:32 of 1st period - Jordan Eberle is hit by Tyler Cuma.
7:56 of 1st period - Snap shot by Nick Palmieri.
7:56 of 1st period - Goal by Nick Palmieri - Sharks : 1 - Blues : 0.
7:57 of 1st period - Ryan O'Reilly wins face-off versus T.J. Hensick in neutral zone.
8:08 of 1st period - Ryan Murray is hit by Brayden McNabb and loses puck.
8:23 of 1st period - Alex Pietrangelo is hit by Mike Cammalleri and loses puck.
8:28 of 1st period - Slapshot by Nick Palmieri.
8:28 of 1st period - Stopped by Carey Price with a rebound.
8:30 of 1st period - Snap shot by Mike Cammalleri.
8:30 of 1st period - Shot Misses the Net.
8:32 of 1st period - Snap shot by Nick Palmieri.
8:32 of 1st period - Shot Misses the Net.
8:34 of 1st period - Slapshot by Mike Cammalleri.
8:34 of 1st period - Stopped by Carey Price without a rebound.
8:35 of 1st period - Ryan O'Reilly wins face-off versus Bobby Butler in Blues zone.
8:44 of 1st period - Snap shot by Ryan O'Reilly.
8:44 of 1st period - Shot Hit the Post.
8:48 of 1st period - Snap shot by Ryan O'Reilly.
8:48 of 1st period - Stopped by Ryan Miller without a rebound.
8:49 of 1st period - T.J. Hensick wins face-off versus Ryan O'Reilly in Sharks zone.
8:58 of 1st period - Ryan O'Reilly is hit by Brandon Dubinsky and loses puck.
9:42 of 1st period - Wrist shot by Fabian Brunnstrom.
9:42 of 1st period - Stopped by Ryan Miller without a rebound.
9:43 of 1st period - Drew Shore wins face-off versus T.J. Hensick in Sharks zone.
9:52 of 1st period - T.J. Hensick is hit by Drew Shore and loses puck.
10:06 of 1st period - Wrist shot by Drew Shore.
10:06 of 1st period - Stopped by Ryan Miller with a rebound.
10:08 of 1st period - Slapshot by Shayne Gostisbehere.
10:08 of 1st period - Stopped by Ryan Miller with a rebound.
10:10 of 1st period - Snap shot by Yann Sauvé.
10:10 of 1st period - Shot Misses the Net.
10:12 of 1st period - Wrist shot by Drew Shore.
10:12 of 1st period - Stopped by Ryan Miller without a rebound.
10:13 of 1st period - Jason Spezza wins face-off versus Ryan O'Reilly in Sharks zone.
10:40 of 1st period - Nicklas Backstrom is hit by T.J. Hensick.
10:46 of 1st period - Snap shot by Nicklas Backstrom.
10:46 of 1st period - Stopped by Ryan Miller with a rebound.
11:08 of 1st period - Wrist shot by Zach Boychuk.
11:08 of 1st period - Stopped by Carey Price with a rebound.
11:10 of 1st period - Wrist shot by Boone Jenner.
11:10 of 1st period - Stopped by Carey Price with a rebound.
11:12 of 1st period - Wrist shot by PK Subban.
11:12 of 1st period - Deflect By Jake Gardiner.
11:12 of 1st period - Stopped by Carey Price with a rebound.
11:30 of 1st period - Snap shot by Vincent Lecavalier.
11:30 of 1st period - Stopped by Ryan Miller with a rebound.
11:32 of 1st period - Slapshot by Jake Gardiner.
11:32 of 1st period - Deflect By Vincent Lecavalier.
11:32 of 1st period - Stopped by Ryan Miller with a rebound.
12:25 of 1st period - Drew Shore is hit by Jiri Tlusty and loses puck.
12:34 of 1st period - Joni Pitkanen is hit by Jake Gardiner and loses puck.
13:48 of 1st period - Tyler Cuma is hit by Anthony Mantha and loses puck.
14:33 of 1st period - Shayne Gostisbehere is hit by Jason Spezza and loses puck.
14:38 of 1st period - Wrist shot by Nick Palmieri.
14:38 of 1st period - Stopped by Carey Price with a rebound.
14:52 of 1st period - Ryan Murray is hit by Andrej Sekera and loses puck.
15:12 of 1st period - Oskar Osala is hit by Drew Shore and loses puck.
15:31 of 1st period - Ryan O'Reilly is hit by Jason Spezza and loses puck.
15:48 of 1st period - Snap shot by Anthony Mantha.
15:48 of 1st period - Deflect By Fabian Brunnstrom.
15:48 of 1st period - Stopped by Ryan Miller with a rebound.
16:26 of 1st period - Slapshot by Ryan O'Reilly.
16:26 of 1st period - Goal by Ryan O'Reilly - Sharks : 1 - Blues : 1.
16:27 of 1st period - Jordan Eberle wins face-off versus T.J. Hensick in neutral zone.
16:37 of 1st period - Minor Penalty to Oskar Osala for Elbowing.
16:38 of 1st period - Jason Spezza wins face-off versus Nicklas Backstrom in Sharks zone.
18:00 of 1st period - PK Subban is hit by Jake Gardiner and loses puck.
18:37 of 1st period - Penalty to Oskar Osala is over, Oskar Osala is back on ice.
18:59 of 1st period - Brayden McNabb is hit by Vincent Lecavalier and loses puck.
19:10 of 1st period - Fabian Brunnstrom is hit by Boone Jenner and loses puck.
19:25 of 1st period - Alex Pietrangelo is hit by Oskar Osala and loses puck.
19:42 of 1st period - Icing by Drew Doughty.
19:43 of 1st period - Jason Spezza wins face-off versus Vincent Lecavalier in Sharks zone.
19:43 of 1st period - Jason Spezza is hit by Yann Sauvé.
Goals for this period are 1 for Sharks vs 1 for Blues.
Shots for this period are 12 for Sharks vs 16 for Blues.

2nd period


0:01 of 2nd period - Brandon Dubinsky wins face-off versus Nicklas Backstrom in neutral zone.
0:11 of 2nd period - Minor Penalty to Oskar Osala for Tripping.
0:12 of 2nd period - Nicklas Backstrom wins face-off versus Jason Spezza in Sharks zone.
0:12 of 2nd period - Wrist shot by Filip Forsberg.
0:12 of 2nd period - Shot Blocked by PK Subban.
0:14 of 2nd period - Slapshot by Jordan Eberle.
0:14 of 2nd period - Stopped by Ryan Miller without a rebound.
0:15 of 2nd period - Jordan Eberle wins face-off versus Jason Spezza in Sharks zone.
0:32 of 2nd period - Snap shot by Alex Pietrangelo.
0:32 of 2nd period - Goal by Alex Pietrangelo - Sharks : 1 - Blues : 2.
0:33 of 2nd period - Nicklas Backstrom wins face-off versus Oskar Osala in neutral zone.
0:50 of 2nd period - Wrist shot by David Perron.
0:50 of 2nd period - Deflect By Drew Doughty.
0:50 of 2nd period - Shot Misses the Net.
0:50 of 2nd period - Puck is out of play.
0:51 of 2nd period - Ryan O'Reilly wins face-off versus Jason Spezza in Sharks zone.
1:50 of 2nd period - Wrist shot by Alex Pietrangelo.
1:50 of 2nd period - Stopped by Ryan Miller without a rebound.
1:51 of 2nd period - Nicklas Backstrom wins face-off versus Jason Spezza in Sharks zone.
2:02 of 2nd period - Wrist shot by Jason Spezza.
2:02 of 2nd period - Stopped by Carey Price without a rebound.
2:03 of 2nd period - Jason Spezza wins face-off versus Nicklas Backstrom in Blues zone.
2:59 of 2nd period - Snap shot by Brandon Dubinsky.
2:59 of 2nd period - Shot Misses the Net.
3:01 of 2nd period - Slapshot by Tyler Cuma.
3:01 of 2nd period - Deflect By T.J. Hensick.
3:01 of 2nd period - Shot Misses the Net.
3:01 of 2nd period - Puck is out of play.
3:02 of 2nd period - Jason Spezza wins face-off versus Nicklas Backstrom in Blues zone.
3:03 of 2nd period - Snap shot by Nick Palmieri.
3:03 of 2nd period - Shot Misses the Net.
3:05 of 2nd period - Slapshot by PK Subban.
3:05 of 2nd period - Shot Blocked by Yann Sauvé.
3:07 of 2nd period - Slapshot by PK Subban.
3:07 of 2nd period - Shot Misses the Net.
3:29 of 2nd period - Andrej Sekera is hit by Sergei Shirokov and loses puck.
3:50 of 2nd period - Slapshot by Bobby Butler.
3:50 of 2nd period - Deflect By Zach Boychuk.
3:50 of 2nd period - Stopped by Carey Price without a rebound.
3:51 of 2nd period - Vincent Lecavalier wins face-off versus Boone Jenner in Blues zone.
4:49 of 2nd period - Minor Penalty to Filip Forsberg for Diving.
4:50 of 2nd period - Drew Shore wins face-off versus Jason Spezza in Blues zone.
5:24 of 2nd period - Oskar Osala is hit by Shayne Gostisbehere and loses puck.
6:05 of 2nd period - Jordan Eberle is hit by PK Subban and loses puck.
6:49 of 2nd period - Penalty to Filip Forsberg is over, Filip Forsberg is back on ice.
6:56 of 2nd period - Gustav Nyquist is hit by Joni Pitkanen and loses puck.
7:26 of 2nd period - Alex Pietrangelo is hit by Zach Boychuk and loses puck.
7:52 of 2nd period - Brandon Dubinsky is hit by Drew Shore and loses puck.
8:05 of 2nd period - Boone Jenner is hit by Jimmy Vesey.
8:13 of 2nd period - Snap shot by Jimmy Vesey.
8:13 of 2nd period - Shot Misses the Net.
8:15 of 2nd period - Slapshot by Alex Pietrangelo.
8:15 of 2nd period - Shot Misses the Net.
8:17 of 2nd period - Slapshot by Jake Gardiner.
8:17 of 2nd period - Shot Misses the Net.
8:27 of 2nd period - David Perron is hit by Andrej Sekera and loses puck.
8:42 of 2nd period - Jason Spezza is hit by Alex Pietrangelo and loses puck.
8:59 of 2nd period - Joni Pitkanen is hit by Jake Gardiner and loses puck.
9:06 of 2nd period - Drew Shore is hit by T.J. Hensick and loses puck.
9:19 of 2nd period - Joni Pitkanen is hit by Anthony Mantha and loses puck.
9:26 of 2nd period - Wrist shot by Fabian Brunnstrom.
9:26 of 2nd period - Stopped by Ryan Miller with a rebound.
9:32 of 2nd period - Snap shot by Fabian Brunnstrom.
9:32 of 2nd period - Stopped by Ryan Miller without a rebound.
9:33 of 2nd period - Nicklas Backstrom wins face-off versus Jason Spezza in Sharks zone.
9:58 of 2nd period - Ryan O'Reilly is hit by Luke Adam.
10:06 of 2nd period - Milan Michalek is hit by Sergei Shirokov and loses puck.
10:19 of 2nd period - Snap shot by Drew Doughty.
10:19 of 2nd period - Stopped by Carey Price without a rebound.
10:20 of 2nd period - Boone Jenner wins face-off versus Vincent Lecavalier in Blues zone.
10:31 of 2nd period - Jiri Tlusty is hit by Jimmy Vesey and loses puck.
11:10 of 2nd period - Icing by Boone Jenner.
11:11 of 2nd period - Nicklas Backstrom wins face-off versus Boone Jenner in Sharks zone.
11:12 of 2nd period - Snap shot by David Perron.
11:12 of 2nd period - Deflect By Jordan Eberle.
11:12 of 2nd period - Shot Misses the Net.
11:12 of 2nd period - Puck is out of play.
11:13 of 2nd period - Nicklas Backstrom wins face-off versus Jason Spezza in Sharks zone.
11:14 of 2nd period - Snap shot by Jordan Eberle.
11:14 of 2nd period - Shot Misses the Net.
11:27 of 2nd period - Minor Penalty to Nick Palmieri for Hooking.
11:28 of 2nd period - Nicklas Backstrom wins face-off versus Jason Spezza in Sharks zone.
12:02 of 2nd period - Slapshot by Alex Pietrangelo.
12:02 of 2nd period - Shot Blocked by Drew Doughty.
13:27 of 2nd period - Penalty to Nick Palmieri is over, Nick Palmieri is back on ice.
13:40 of 2nd period - Slapshot by Tyler Cuma.
13:40 of 2nd period - Shot Blocked by Yann Sauvé.
13:58 of 2nd period - Andrej Sekera is hit by Vincent Lecavalier and loses puck.
15:00 of 2nd period - PK Subban is hit by Ryan Murray and loses puck.
15:15 of 2nd period - Luke Adam is hit by Jordan Eberle and loses puck.
15:23 of 2nd period - Icing by Joni Pitkanen.
15:24 of 2nd period - T.J. Hensick wins face-off versus Ryan O'Reilly in Sharks zone.
15:31 of 2nd period - Snap shot by Oskar Osala.
15:31 of 2nd period - Stopped by Carey Price without a rebound.
15:32 of 2nd period - Jason Spezza wins face-off versus Nicklas Backstrom in Blues zone.
15:57 of 2nd period - Oskar Osala is hit by Sergei Shirokov and loses puck.
16:31 of 2nd period - Bobby Butler is hit by Anthony Mantha and loses puck.
16:46 of 2nd period - Luke Adam is hit by Gustav Nyquist.
16:50 of 2nd period - Andrej Sekera is hit by Gustav Nyquist and loses puck.
17:29 of 2nd period - Snap shot by Jason Spezza.
17:29 of 2nd period - Stopped by Carey Price with a rebound.
17:35 of 2nd period - Mike Cammalleri is hit by Ryan O'Reilly and loses puck.
17:40 of 2nd period - Snap shot by Filip Forsberg.
17:40 of 2nd period - Goal by Filip Forsberg - Sharks : 1 - Blues : 3.
17:41 of 2nd period - Jason Spezza wins face-off versus Nicklas Backstrom in neutral zone.
18:12 of 2nd period - Wrist shot by T.J. Hensick.
18:12 of 2nd period - Stopped by Carey Price with a rebound.
18:14 of 2nd period - Snap shot by Brandon Dubinsky.
18:14 of 2nd period - Shot Misses the Net.
18:16 of 2nd period - Slapshot by Brayden McNabb.
18:16 of 2nd period - Stopped by Carey Price without a rebound.
18:17 of 2nd period - Jason Spezza wins face-off versus Nicklas Backstrom in Blues zone.
18:20 of 2nd period - Snap shot by Nick Palmieri.
18:20 of 2nd period - Stopped by Carey Price with a rebound.
18:22 of 2nd period - Wrist shot by Jason Spezza.
18:22 of 2nd period - Shot Misses the Net.
19:11 of 2nd period - Wrist shot by Bobby Butler.
19:11 of 2nd period - Shot Blocked by Anthony Mantha.
19:13 of 2nd period - Snap shot by Andrej Sekera.
19:13 of 2nd period - Stopped by Carey Price with a rebound.
19:19 of 2nd period - Minor Penalty to Shayne Gostisbehere for Hooking.
19:20 of 2nd period - Mike Cammalleri wins face-off versus Drew Shore in Blues zone.
19:21 of 2nd period - Wrist shot by Nick Palmieri.
19:21 of 2nd period - Shot Hit the Post.
Goals for this period are 0 for Sharks vs 2 for Blues.
Shots for this period are 9 for Sharks vs 6 for Blues.

3rd period


0:01 of 3rd period - Drew Shore wins face-off versus Jason Spezza in neutral zone.
0:04 of 3rd period - Slapshot by Jake Gardiner.
0:04 of 3rd period - Deflect By Drew Doughty.
0:04 of 3rd period - Stopped by Ryan Miller with a rebound.
0:10 of 3rd period - Snap shot by PK Subban.
0:10 of 3rd period - Shot Blocked by Jordan Eberle.
0:12 of 3rd period - Snap shot by Nick Palmieri.
0:12 of 3rd period - Stopped by Carey Price without a rebound.
0:13 of 3rd period - Jason Spezza wins face-off versus Drew Shore in Blues zone.
0:26 of 3rd period - Snap shot by Jordan Eberle.
0:26 of 3rd period - Stopped by Ryan Miller without a rebound.
0:27 of 3rd period - Jordan Eberle wins face-off versus Jason Spezza in Sharks zone.
0:40 of 3rd period - Slapshot by Drew Doughty.
0:40 of 3rd period - Deflect By Jordan Eberle.
0:40 of 3rd period - Stopped by Carey Price without a rebound.
0:41 of 3rd period - Jason Spezza wins face-off versus Drew Shore in Blues zone.
1:14 of 3rd period - Slapshot by Drew Doughty.
1:14 of 3rd period - Stopped by Carey Price without a rebound.
1:15 of 3rd period - Jason Spezza wins face-off versus Drew Shore in Blues zone.
1:19 of 3rd period - Penalty to Shayne Gostisbehere is over, Shayne Gostisbehere is back on ice.
2:00 of 3rd period - Minor Penalty to Brandon Dubinsky for High sticking.
2:01 of 3rd period - Jason Spezza wins face-off versus Nicklas Backstrom in Sharks zone.
2:12 of 3rd period - Snap shot by Filip Forsberg.
2:12 of 3rd period - Stopped by Ryan Miller without a rebound.
2:13 of 3rd period - Jason Spezza wins face-off versus Nicklas Backstrom in Sharks zone.
4:00 of 3rd period - Penalty to Brandon Dubinsky is over, Brandon Dubinsky is back on ice.
4:15 of 3rd period - Oskar Osala is hit by Yann Sauvé and loses puck.
5:14 of 3rd period - Ryan O'Reilly is hit by PK Subban and loses puck.
5:22 of 3rd period - Icing by Sergei Shirokov.
5:23 of 3rd period - Ryan O'Reilly wins face-off versus Boone Jenner in Blues zone.
5:56 of 3rd period - Off-side.
5:57 of 3rd period - Nicklas Backstrom wins face-off versus Jason Spezza in neutral zone.
6:18 of 3rd period - Shayne Gostisbehere is hit by Drew Doughty and loses puck.
6:33 of 3rd period - Slapshot by Brandon Dubinsky.
6:33 of 3rd period - Deflect By T.J. Hensick.
6:33 of 3rd period - Shot Blocked by Filip Forsberg.
6:33 of 3rd period - Puck is out of play.
6:34 of 3rd period - Ryan O'Reilly wins face-off versus T.J. Hensick in Blues zone.
6:39 of 3rd period - Andrej Sekera is hit by Ryan O'Reilly and loses puck.
6:48 of 3rd period - Oskar Osala is hit by Shayne Gostisbehere and loses puck.
7:23 of 3rd period - Ryan O'Reilly is hit by PK Subban and loses puck.
7:29 of 3rd period - Icing by Shayne Gostisbehere.
7:30 of 3rd period - Jason Spezza wins face-off versus Ryan O'Reilly in Blues zone.
8:22 of 3rd period - Jiri Tlusty is hit by Ryan O'Reilly and loses puck.
8:56 of 3rd period - Wrist shot by Ryan O'Reilly.
8:56 of 3rd period - Goal by Ryan O'Reilly - Sharks : 1 - Blues : 4.
8:57 of 3rd period - Jason Spezza wins face-off versus Nicklas Backstrom in neutral zone.
9:14 of 3rd period - Snap shot by Nicklas Backstrom.
9:14 of 3rd period - Stopped by Ryan Miller with a rebound.
9:29 of 3rd period - Andrej Sekera is hit by Ryan Murray and loses puck.
10:20 of 3rd period - Icing by Ryan Murray.
10:21 of 3rd period - Boone Jenner wins face-off versus Nicklas Backstrom in Blues zone.
10:24 of 3rd period - Wrist shot by Zach Boychuk.
10:24 of 3rd period - Shot Misses the Net.
10:48 of 3rd period - Wrist shot by Fabian Brunnstrom.
10:48 of 3rd period - Shot Blocked by Drew Doughty.
10:50 of 3rd period - Wrist shot by Drew Shore.
10:50 of 3rd period - Shot Misses the Net.
10:52 of 3rd period - Slapshot by Alex Pietrangelo.
10:52 of 3rd period - Stopped by Ryan Miller without a rebound.
10:53 of 3rd period - Jason Spezza wins face-off versus Fabian Brunnstrom in Sharks zone.
10:53 of 3rd period - Jason Spezza is hit by Jake Gardiner.
10:59 of 3rd period - Anthony Mantha is hit by Jason Spezza and loses puck.
11:33 of 3rd period - Jake Gardiner is hit by Joni Pitkanen and loses puck.
11:56 of 3rd period - Wrist shot by David Perron.
11:56 of 3rd period - Shot Blocked by Bobby Butler.
11:58 of 3rd period - Minor Penalty to Luke Adam for Hooking.
11:59 of 3rd period - Jason Spezza wins face-off versus Nicklas Backstrom in Sharks zone.
11:59 of 3rd period - Jason Spezza is hit by Nicklas Backstrom.
13:58 of 3rd period - Penalty to Luke Adam is over, Luke Adam is back on ice.
14:32 of 3rd period - Slapshot by Vincent Lecavalier.
14:32 of 3rd period - Stopped by Ryan Miller with a rebound.
14:42 of 3rd period - Joni Pitkanen is hit by Anthony Mantha and loses puck.
15:03 of 3rd period - Slapshot by Tyler Cuma.
15:03 of 3rd period - Stopped by Carey Price with a rebound.
15:17 of 3rd period - Ryan Murray is hit by T.J. Hensick and loses puck.
15:30 of 3rd period - Slapshot by Brayden McNabb.
15:30 of 3rd period - Shot Misses the Net.
17:01 of 3rd period - Luke Adam is hit by Shayne Gostisbehere and loses puck.
17:20 of 3rd period - Ryan Murray is hit by Andrej Sekera and loses puck.
17:33 of 3rd period - Andrej Sekera is hit by David Perron and loses puck.
17:44 of 3rd period - Slapshot by PK Subban.
17:44 of 3rd period - Shot Misses the Net.
17:46 of 3rd period - Slapshot by Oskar Osala.
17:46 of 3rd period - Stopped by Carey Price without a rebound.
17:47 of 3rd period - Jimmy Vesey wins face-off versus T.J. Hensick in Blues zone.
17:54 of 3rd period - Gustav Nyquist is hit by Joni Pitkanen.
19:07 of 3rd period - Zach Boychuk is hit by Anthony Mantha and loses puck.
19:19 of 3rd period - Wrist shot by Fabian Brunnstrom.
19:19 of 3rd period - Stopped by Ryan Miller with a rebound.
19:21 of 3rd period - Slapshot by Yann Sauvé.
19:21 of 3rd period - Stopped by Ryan Miller without a rebound.
19:22 of 3rd period - Jason Spezza wins face-off versus Nicklas Backstrom in Sharks zone.
19:27 of 3rd period - Snap shot by Nick Palmieri.
19:27 of 3rd period - Shot Blocked by Yann Sauvé.
19:33 of 3rd period - Andrej Sekera is hit by David Perron and loses puck.
19:49 of 3rd period - Minor Penalty to Oskar Osala for Hooking.
19:50 of 3rd period - Nicklas Backstrom wins face-off versus Jason Spezza in Sharks zone.
19:51 of 3rd period - Wrist shot by Jordan Eberle.
19:51 of 3rd period - Shot Blocked by PK Subban.
19:53 of 3rd period - Snap shot by Jordan Eberle.
19:53 of 3rd period - Stopped by Ryan Miller with a rebound.
19:57 of 3rd period - Snap shot by Filip Forsberg.
19:57 of 3rd period - Shot Blocked by Nick Palmieri.
19:59 of 3rd period - Wrist shot by Nicklas Backstrom.
19:59 of 3rd period - Shot Misses the Net.
Goals for this period are 0 for Sharks vs 1 for Blues.
Shots for this period are 5 for Sharks vs 10 for Blues.